[Event "Titled Tuesday Blitz December 13 Early 2022"]
[White "Baruch, Liam"]
[Black "Chernomordik, Pavel"]
[WhiteFideId "14322064"]
[BlackFideId "2804530"]
[WhiteElo "2080"]
[BlackElo "2193"]
[Result "0-1"]
[Round "09"]
[TimeControl "180+1"]
[Date "2022.12.14"]
[WhiteClock "0:00:05"]
[BlackClock "0:00:03"]

1. e4 g6 2. d4 Bg7 3. Be3 d6 4. Nc3 a6 5. f3 b5 6. Qd2 Bb7 7. Nge2 Nd7 8. d5 c5 9. dxc6 Bxc6 10. Nd4 Bb7 11. a4 b4 12. Nd5 a5 13. Bb5 Bxd5 14. exd5 Nf6 15. Nc6 Qc7 16. O-O O-O 17. Nxe7+ Kh8 18. Nc6 Nb6 19. Bxb6 Qxb6+ 20. Kh1 Qc5 21. Rfd1 Nh5 22. Rab1 Rfe8 23. b3 Bc3 24. Qg5 Qf2 25. Bd3 Bf6 26. Qd2 Qh4 27. Be4 Ng3+ 28. Kg1 Nxe4 29. fxe4 Rxe4 30. Qf2 Qg5 31. Rf1 Bg7 32. Qxf7 Re2 33. Rf2 Rf8 34. Rxe2 Rxf7 35. Rbe1 Bf6 36. h3 Kg7 37. Re8 Bc3 38. Rd1 Qg3 39. Re2 Rf5 40. Ne7 Re5 41. Rxe5 Bxe5 42. Nc6 Bc3 43. Ne7 Qe5 44. Nc6 Qe2 45. Rf1 Bf6 46. Rf2 Qe1+ 47. Rf1 Qe3+ 48. Rf2 Bh4 49. Kh2 Qxf2 50. c4 Bg3+ 51. Kh1 Qf1# 0-1


[Site "https://www.chess.com"]

[Event "Titled Tuesday Blitz December 13 Early 2022"]
[White "Bashirli, Saadat"]
[Black "Stanisz, Patryk"]
[WhiteFideId "13429990"]
[BlackFideId "1123106"]
[WhiteElo "1408"]
[BlackElo "2069"]
[Result "0-1"]
[Round "09"]
[TimeControl "180+1"]
[Date "2022.12.14"]
[WhiteClock "0:00:11"]
[BlackClock "0:00:09"]

1. d4 d5 2. c4 c6 3. Nc3 Nf6 4. e3 e6 5. Qc2 Nbd7 6. Nf3 Bd6 7. Be2 O-O 8. O-O b6 9. b3 Bb7 10. Bb2 Rc8 11. Rfd1 Qe7 12. e4 dxe4 13. Nxe4 Nxe4 14. Qxe4 Nf6 15. Qh4 c5 16. Rac1 Rfd8 17. dxc5 Bxc5 18. Bxf6 Qxf6 19. Qxf6 gxf6 20. h3 Ba3 21. Rxd8+ Rxd8 22. Rd1 Rxd1+ 23. Bxd1 Be4 24. Nd2 Bd3 25. Kh2 Bb4 26. Nf3 Bc5 27. Kg3 Kg7 28. Nd2 Bb4 29. Nf3 Bd6+ 30. Kg4 f5+ 31. Kh4 Bf4 32. Nd4 Kg6 33. Nb5 Bf1 34. Bf3 a5 35. Nc3 Be5 36. Na4 Bd4 37. Kg3 Bd3 38. Bd1 Be4 39. f3 Bb1 40. a3 e5 41. b4 axb4 42. axb4 Kf6 43. Bb3 Bd3 44. c5 f4+ 45. Kh2 bxc5 46. bxc5 Bb5 47. Nb6 Bc6 48. Na4 Kg5 49. Kh1 f5 50. Kh2 e4 51. fxe4 fxe4 52. Bc2 e3 53. Bd3 Bxa4 54. Be2 Bc6 55. Bd3 Kf6 56. Be2 Ke5 57. Kg1 Bxc5 58. Kf1 Be4 59. Ke1 Bd4 60. Kf1 Bc3 61. Kg1 Kd4 62. Kf1 Bd3 63. Bxd3 Kxd3 64. Kg1 e2 65. Kh2 e1=Q 66. g3 Qxg3+ 67. Kh1 Qxh3+ 68. Kg1 Bd4# 0-1


[Site "https://www.chess.com"]

[Event "Titled Tuesday Blitz December 13 Early 2022"]
[White "Bazarov, Konstantin"]
[Black "Kirillov, Dmitry"]
[WhiteFideId "4137000"]
[BlackFideId "34180572"]
[WhiteElo "2228"]
[BlackElo "2111"]
[Result "1/2-1/2"]
[Round "09"]
[TimeControl "180+1"]
[Date "2022.12.14"]
[WhiteClock "0:00:05"]
[BlackClock "0:00:11"]

1. Nf3 d5 2. d4 e6 3. c4 c6 4. Qc2 dxc4 5. Qxc4 Nf6 6. g3 b5 7. Qc2 Bb7 8. Bg2 Nbd7 9. Nc3 c5 10. dxc5 Bxc5 11. O-O a6 12. Bf4 O-O 13. Rad1 Rc8 14. Qb1 b4 15. Na4 Be4 16. Qa1 Bc2 17. Nxc5 Bxd1 18. Nxd7 Bxe2 19. Nxf8 Bxf1 20. Bxf1 Qxf8 21. Bxa6 Rc5 22. Bf1 Nd5 23. Be5 f6 24. Bd4 Rc8 25. Qd1 Qe7 26. Qb3 Rc1 27. Kg2 Kf7 28. Bc4 Qd6 29. Bxd5 Qxd5 30. Qxb4 Rd1 31. Qc3 e5 32. Be3 Rd3 33. Qc7+ Kg8 34. Qc2 g5 35. h3 h5 36. g4 hxg4 37. hxg4 Qe4 38. Qc8+ Kg7 39. Qf5 Qxf5 40. gxf5 Rd5 41. Nd2 Kf7 42. Ne4 Ra5 43. a3 Ra4 44. Nc5 Rc4 45. Kf3 Ke7 46. Nd3 e4+ 47. Ke2 exd3+ 48. Kxd3 Rc6 49. b4 Kd6 50. b5 Rc8 51. b6 Ra8 52. Bd4 Rxa3+ 53. Ke2 Rb3 54. Bxf6 Rxb6 55. Bxg5 Ke5 56. Be3 Rb2+ 57. Kf3 Kxf5 58. Kg3 Rb3 59. Kg2 Ke4 60. Kg3 Ra3 61. Kg2 Rd3 62. Kg3 Rd5 63. Kg2 Rd7 64. Kg3 Rg7+ 65. Kh4 Kf3 66. Kh5 Rg2 67. Kh4 Rg8 68. Kh5 Ke4 69. Kh4 Rg7 70. Kh5 Kf5 71. Kh4 Rg4+ 72. Kh3 Rg6 73. Kh4 Ke4 74. Kh5 Rc6 75. Kg4 Rd6 76. Kh3 Rg6 77. Kh4 Rg7 78. Kh3 Rf7 79. Kg3 Rf3+ 80. Kg2 Rf5 81. Kg3 Kd3 82. Kg4 Rf8 83. Bf4 Ke2 84. Bg3 Rf7 85. Kg5 Kf3 86. Kg6 Rb7 87. Kf5 Rb4 88. Ke5 Re4+ 89. Kf5 Rg4 90. Ke5 Re4+ 91. Kf5 Re2 92. Kg5 Re1 93. Kf5 Rh1 94. Kg5 Rh3 95. Kf5 Rh8 96. Kg5 Rg8+ 97. Kf5 Rg7 98. Kf6 Rxg3 99. fxg3 Kxg3 1/2-1/2


[Site "https://www.chess.com"]

[Event "Titled Tuesday Blitz December 13 Early 2022"]
[White "Bettalli, Francesco"]
[Black "Shuvalova, Polina"]
[WhiteFideId "2816453"]
[BlackFideId "24171760"]
[WhiteElo "2216"]
[BlackElo "2361"]
[Result "0-1"]
[Round "09"]
[TimeControl "180+1"]
[Date "2022.12.14"]
[WhiteClock "0:00:42"]
[BlackClock "0:00:38"]

1. d4 Nf6 2. Nc3 d5 3. Bg5 Nbd7 4. Qd3 g6 5. e4 dxe4 6. Nxe4 Bg7 7. O-O-O O-O 8. h4 Nxe4 9. Qxe4 Nf6 10. Qd3 Bf5 11. Qb3 h5 12. f3 a5 13. a4 Qd7 14. Ne2 Be6 15. Qa3 Nd5 16. c3 c6 17. Nf4 Nxf4 18. Bxf4 b5 19. Bd3 b4 20. cxb4 Qxd4 21. Bd2 Rfb8 22. b5 cxb5 23. axb5 Bc4 24. Bxc4 Qxc4+ 25. Bc3 Rxb5 26. Kc2 Rc8 27. Rd3 a4 28. Ra1 Rb3 29. Qxa4 Rxb2+ 30. Kxb2 Bxc3+ 31. Rxc3 Qxc3+ 32. Ka2 Qd2+ 33. Ka3 Rc3+ 34. Kb4 Qd4+ 35. Kb5 Rc5+ 36. Ka6 Qd6+ 0-1


[Site "https://www.chess.com"]

[Event "Titled Tuesday Blitz December 13 Early 2022"]
[White "Bluebaum, Matthias"]
[Black "Timofeev, Artyom"]
[WhiteFideId "24651516"]
[BlackFideId "4140419"]
[WhiteElo "2634"]
[BlackElo "2586"]
[Result "1-0"]
[Round "09"]
[TimeControl "180+1"]
[Date "2022.12.13"]
[WhiteClock "0:00:17"]
[BlackClock "0:00:25"]

1. d4 d5 2. c4 e6 3. Nc3 c6 4. Nf3 dxc4 5. e4 b5 6. Be2 Bb7 7. Qc2 Nd7 8. O-O Ngf6 9. b3 cxb3 10. axb3 Be7 11. e5 Nd5 12. Nxd5 cxd5 13. Bxb5 O-O 14. Bd2 h6 15. Rfc1 a6 16. Ba5 Qc8 17. Qd1 axb5 18. Rxc8 Rfxc8 19. h4 b4 20. Ne1 Ra6 21. g3 Rca8 22. Qc2 Rc6 23. Qe2 Rca6 24. Qc2 Rc6 25. Qd2 Rca6 26. Rc1 Rxa5 27. Rc7 Ra2 28. Qe3 Ba6 29. Rxd7 Re2 30. Qc1 Rc8 31. Qa1 Bf8 32. Qxa6 Rxe1+ 33. Kg2 Rc2 34. Qb7 Rb1 35. Rxf7 Rxb3 36. Rf4 1-0


[Site "https://www.chess.com"]

[Event "Titled Tuesday Blitz December 13 Early 2022"]
[White "Bochnicka, Vladimir"]
[Black "Manelyuk, Daniil"]
[WhiteFideId "14943450"]
[BlackFideId "44173920"]
[WhiteElo "2239"]
[BlackElo "2210"]
[Result "1-0"]
[Round "09"]
[TimeControl "180+1"]
[Date "2022.12.14"]
[WhiteClock "0:00:43"]
[BlackClock "0:00:36"]

1. e4 c6 2. d4 d5 3. e5 Bf5 4. h4 h5 5. c4 e6 6. Nc3 Nd7 7. cxd5 cxd5 8. Bd3 Bxd3 9. Qxd3 a6 10. Nf3 Ne7 11. Bg5 Qb6 12. O-O Nf5 13. Nxd5 exd5 14. Qxf5 Qe6 15. Qxe6+ fxe6 16. Rac1 Be7 17. Rc7 Rb8 18. Rfc1 Bxg5 19. Nxg5 Ke7 20. R1c3 Rhf8 21. Rb3 Rf4 22. Nf3 b5 23. Rbc3 b4 24. R3c6 b3 25. a3 Kd8 26. Ng5 Nf8 27. Nf7+ Ke8 28. Nd6+ Kd8 29. Rxg7 Rxd4 30. Nb7+ Rxb7 31. Rxb7 Ng6 32. Rxa6 Nxe5 33. Ra8# 1-0


[Site "https://www.chess.com"]

[Event "Titled Tuesday Blitz December 13 Early 2022"]
[White "Bodnaruk, Anastasia"]
[Black "Donskov, Anatoly"]
[WhiteFideId "4181751"]
[BlackFideId "24143413"]
[WhiteElo "2314"]
[BlackElo "2219"]
[Result "0-1"]
[Round "09"]
[TimeControl "180+1"]
[Date "2022.12.14"]
[WhiteClock "0:00:01"]
[BlackClock "0:00:02"]

1. e4 c5 2. Nc3 e6 3. Nge2 Nc6 4. d4 cxd4 5. Nxd4 Nf6 6. Ndb5 Bc5 7. Nd6+ Ke7 8. Bf4 e5 9. Nf5+ Kf8 10. Be3 Bb4 11. Nd6 Qe7 12. Nxc8 Rxc8 13. Bd3 d5 14. exd5 Nxd5 15. O-O Nxc3 16. bxc3 Bxc3 17. Rb1 h5 18. Be4 g6 19. Qd5 Kg7 20. Bc5 Qc7 21. Bd6 Qa5 22. Rxb7 Qxd5 23. Bxd5 Nd8 24. Rxa7 Bd4 25. Re7 Rxc2 26. Bxe5+ Bxe5 27. Rxe5 Ne6 28. a4 Kf6 29. Re3 Rb8 30. g3 Rbb2 31. a5 Nd4 32. a6 Nf5 33. a7 Ra2 34. Bxa2 Rxa2 35. Rb3 Rxa7 36. Rd1 Re7 37. Kg2 Kg7 38. Rbd3 Re6 39. Rd7 Rc6 40. Rb7 Ra6 41. Rdd7 Nh6 42. h3 Ra2 43. Rd3 Ra4 44. f4 Ra2+ 45. Kf3 Ra4 46. g4 hxg4+ 47. hxg4 Ra6 48. Kg3 Rc6 49. Rdb3 Ra6 50. Rd3 Rc6 51. Rdd7 Rc3+ 52. Kh4 Rc6 53. g5 Nf5+ 54. Kg4 Nd6 55. Ra7 Rb6 0-1


[Site "https://www.chess.com"]

[Event "Titled Tuesday Blitz December 13 Early 2022"]
[White "Bogaudinov, Rushan"]
[Black "Tarnowska, Aleksandra"]
[WhiteFideId "4129288"]
[BlackFideId "1180967"]
[WhiteElo "2028"]
[BlackElo "1776"]
[Result "1-0"]
[Round "09"]
[TimeControl "180+1"]
[Date "2022.12.14"]
[WhiteClock "0:01:39"]
[BlackClock "0:00:02"]

1. a3 e5 2. e3 d5 3. Nf3 Nd7 4. d4 e4 5. Nfd2 Ngf6 6. c4 c6 7. Nc3 Be7 8. b4 O-O 9. Bb2 Re8 10. Be2 Nf8 11. Rc1 a6 12. cxd5 cxd5 13. Nb3 b6 14. b5 axb5 15. Nxb5 Ne6 16. O-O Ba6 17. a4 Bb4 18. Bc3 Qe7 19. Qd2 Bxc3 20. Rxc3 Rec8 21. Rfc1 Rxc3 22. Rxc3 Bxb5 23. Bxb5 Qa3 24. Nc5 Qa1+ 25. Rc1 Qa3 26. Nd7 Nxd7 27. Bxd7 Ng5 28. h4 Nf3+ 29. gxf3 exf3 30. Qc3 h6 31. Qxa3 1-0


[Site "https://www.chess.com"]

[Event "Titled Tuesday Blitz December 13 Early 2022"]
[White "Bruned, Boris"]
[Black "Ljukin, Sergei"]
[WhiteFideId "621790"]
[BlackFideId "14102200"]
[WhiteElo "2049"]
[BlackElo "2312"]
[Result "0-1"]
[Round "09"]
[TimeControl "180+1"]
[Date "2022.12.14"]
[WhiteClock "0:00:06"]
[BlackClock "0:00:35"]

1. b3 e5 2. Bb2 Nc6 3. e3 d5 4. Bb5 Bd6 5. f4 Qe7 6. Nf3 e4 7. Bxg7 exf3 8. Qxf3 f6 9. Bxh8 Be6 10. Nc3 O-O-O 11. Nxd5 Bxd5 12. Qxd5 Be5 13. Qf3 Bxa1 14. Bxc6 bxc6 15. Qxc6 Qd6 16. Qa8+ Kd7 17. Qe4 Ne7 18. Qxh7 Bb2 19. Qh5 Kc8 20. d3 Nd5 21. Qh3+ Kb8 22. O-O Nxe3 23. Rf2 Bd4 24. Kh1 Nd1 25. Rf1 Nf2+ 26. Rxf2 Bxf2 27. Qf3 Bd4 28. Bg7 Qe7 0-1


[Site "https://www.chess.com"]

[Event "Titled Tuesday Blitz December 13 Early 2022"]
[White "Budrewicz, Krzysztof"]
[Black "Moiseenko, Alexander"]
[WhiteFideId "1127950"]
[BlackFideId "14102560"]
[WhiteElo "2636"]
[BlackElo "2793"]
[Result "0-1"]
[Round "09"]
[TimeControl "180+1"]
[Date "2022.12.14"]
[WhiteClock "0:00:05"]
[BlackClock "0:00:20"]

1. d4 Nf6 2. c4 e6 3. Nf3 Bb4+ 4. Bd2 Qe7 5. e3 O-O 6. Bd3 b6 7. Nc3 Bb7 8. Qc2 d6 9. a3 Bxc3 10. Bxc3 Nbd7 11. e4 c5 12. O-O cxd4 13. Nxd4 Nc5 14. f3 Nxd3 15. Qxd3 Rac8 16. Rac1 Rfd8 17. Rfd1 a6 18. Qe2 Nd7 19. b3 Ne5 20. f4 Ng6 21. g3 Ba8 22. a4 Qb7 23. Re1 Re8 24. f5 Ne5 25. Rcd1 d5 26. Nc2 dxe4 27. Bxe5 e3 28. Nxe3 Qh1+ 29. Kf2 Qxh2+ 30. Kf1 Qh3+ 31. Kf2 Rc5 32. Bf4 Rxf5 33. Nxf5 Qg2+ 34. Ke3 exf5+ 35. Kd2 Rxe2+ 36. Rxe2 Qc6 37. Rde1 h6 38. Re8+ Kh7 39. R1e7 b5 40. axb5 axb5 41. cxb5 Qxb5 42. Rxa8 Qd5+ 43. Kc3 Qc5+ 44. Kb2 Qxe7 45. Ra5 g5 46. Be5 f6 47. Bc3 Kg6 48. Ra6 Qe2+ 0-1


[Site "https://www.chess.com"]

[Event "Titled Tuesday Blitz December 13 Early 2022"]
[White "Buscar, Michael"]
[Black "Manukyan, Sargis A."]
[WhiteFideId "2603616"]
[BlackFideId "13303970"]
[WhiteElo "2010"]
[BlackElo "2187"]
[Result "0-1"]
[Round "09"]
[TimeControl "180+1"]
[Date "2022.12.14"]
[WhiteClock "0:00:12"]
[BlackClock "0:00:11"]

1. c4 Nf6 2. Nc3 c5 3. Nf3 g6 4. g3 Bg7 5. Bg2 O-O 6. O-O Nc6 7. d4 cxd4 8. Nxd4 Ng4 9. Nc2 Bxc3 10. bxc3 Qa5 11. Ne3 Qxc3 12. Nxg4 Qxa1 13. Qc2 Qh8 14. Bb2 f6 15. e4 h5 16. Ne3 Qg7 17. f4 d6 18. Nd5 Bd7 19. c5 Rac8 20. cxd6 exd6 21. Qb3 Be6 22. Bxf6 Rxf6 23. Nxf6+ Qxf6 24. Qxb7 Nd4 25. e5 Qf7 26. Qe4 dxe5 27. fxe5 Nf5 28. a4 Rc4 29. Qa8+ Kh7 30. Qb8 Qc7 31. Qf8 Qf7 32. Qd8 Qc7 33. Qf8 Qc5+ 34. Qxc5 Rxc5 35. Rb1 Rxe5 36. Rb7+ Kh6 37. Rxa7 Re1+ 38. Kf2 Ra1 39. a5 Ra2+ 40. Kg1 Ne3 41. Bf3 Bh3 42. Re7 Ng4 43. a6 Ra1+ 0-1


[Site "https://www.chess.com"]

[Event "Titled Tuesday Blitz December 13 Early 2022"]
[White "Chernov, Mikhail"]
[Black "Fromm, Marius"]
[WhiteFideId "24143170"]
[BlackFideId "12993190"]
[WhiteElo "2113"]
[BlackElo "2325"]
[Result "0-1"]
[Round "09"]
[TimeControl "180+1"]
[Date "2022.12.14"]
[WhiteClock "0:00:03"]
[BlackClock "0:01:09"]

1. e4 c5 2. Nf3 d6 3. d4 cxd4 4. Nxd4 Nf6 5. Nc3 a6 6. Bc4 e6 7. Bb3 Nc6 8. Be3 Be7 9. Qe2 O-O 10. O-O-O Nxd4 11. Bxd4 b5 12. f3 Bb7 13. g4 Nd7 14. Kb1 b4 15. Na4 Qa5 16. Qf2 Bc6 17. Nb6 Nxb6 18. Bxb6 Qb5 19. Be3 a5 20. Qf1 Qxf1 21. Rhxf1 Bb5 22. a4 Bxf1 23. Rxf1 Rfc8 24. Rd1 Rc6 25. Rd3 g5 26. Bd4 Rb8 27. Kc1 h6 28. Kd2 Kh7 29. Ba7 Rb7 30. Bd4 Kg6 31. e5 dxe5 32. Bxe5 Bf6 33. Bxf6 Kxf6 34. Ke3 Ke7 35. Ke4 Rd7 36. Ke3 Rxd3+ 37. Kxd3 Kd6 38. Ke4 Rc5 39. f4 f5+ 40. gxf5 exf5+ 41. Kf3 Ke7 42. h3 Kf6 43. Kg3 Rc8 44. h4 gxf4+ 45. Kxf4 Rd8 46. Ke3 Ke5 47. c4 f4+ 48. Kf2 Rd2+ 49. Kf3 Rxb2 0-1


[Site "https://www.chess.com"]

[Event "Titled Tuesday Blitz December 13 Early 2022"]
[White "Clawitter, Craig"]
[Black "Makhmudov, Shukhrat"]
[WhiteFideId "2023105"]
[BlackFideId "14200775"]
[WhiteElo "2193"]
[BlackElo "2135"]
[Result "0-1"]
[Round "09"]
[TimeControl "180+1"]
[Date "2022.12.14"]
[WhiteClock "0:00:01"]
[BlackClock "0:00:14"]

1. e4 e5 2. Nf3 Nc6 3. Bb5 a6 4. Ba4 Nf6 5. O-O Be7 6. d3 b5 7. Bb3 d6 8. a4 Bg4 9. c3 b4 10. a5 O-O 11. h3 Bh5 12. Nbd2 d5 13. Re1 bxc3 14. bxc3 d4 15. Nf1 dxc3 16. Be3 Nd4 17. Bxd4 Bxf3 18. Qxf3 exd4 19. e5 Nd7 20. Ng3 Nc5 21. Bc4 Ne6 22. Nf5 Bg5 23. Qg4 g6 24. Bxe6 fxe6 25. Nxd4 Bd2 26. Nxe6 Qd7 27. Qc4 Qf7 28. Nxf8 Qxc4 29. dxc4 Bxe1 30. Rxe1 Rxf8 31. Rc1 Re8 32. f4 g5 33. g3 gxf4 34. gxf4 Rf8 35. Rxc3 Rxf4 36. Re3 Rxc4 37. e6 Kf8 38. e7+ Ke8 39. Re6 c6 40. Kf2 h5 41. Ke3 Rc5 42. Kd4 Rxa5 43. Rxc6 Kxe7 44. Rh6 h4 45. Kc3 Ra4 46. Kb3 Re4 47. Rxa6 Re3+ 48. Kc4 Rxh3 49. Rh6 Kf7 50. Kd4 Kg7 51. Rh5 Kg6 52. Rh8 Kg5 53. Ke4 Rg3 0-1


[Site "https://www.chess.com"]

[Event "Titled Tuesday Blitz December 13 Early 2022"]
[White "Cruz, William Ferreira Da"]
[Black "Harsh Suresh"]
[WhiteFideId "2118050"]
[BlackFideId "45018464"]
[WhiteElo "2223"]
[BlackElo "2227"]
[Result "1/2-1/2"]
[Round "09"]
[TimeControl "180+1"]
[Date "2022.12.14"]
[WhiteClock "0:00:08"]
[BlackClock "0:00:05"]

1. d4 g6 2. c4 Bg7 3. Nc3 d6 4. e4 e5 5. Be3 Nc6 6. Nge2 exd4 7. Nxd4 Nge7 8. Be2 O-O 9. O-O a6 10. Qd2 Nxd4 11. Bxd4 Bxd4 12. Qxd4 Nc6 13. Qd2 Be6 14. f4 f5 15. exf5 Bxf5 16. Bf3 Qf6 17. Nd5 Qg7 18. Rae1 Rae8 19. Ne3 Bc8 20. Bd5+ Kh8 21. b3 Qd4 22. Qxd4+ Nxd4 23. g3 Re7 24. Ng2 Rfe8 25. Rxe7 Rxe7 26. Re1 Rxe1+ 27. Nxe1 c6 28. Bg2 Bf5 29. b4 Bb1 30. a4 Ba2 31. Bf1 b6 32. c5 dxc5 33. bxc5 b5 34. axb5 axb5 35. Kf2 Bd5 36. Ke3 Nb3 37. Nd3 Kg7 38. Nb4 Bh1 39. Nd3 Kf6 40. Bh3 Ke7 41. f5 g5 42. f6+ Kxf6 43. Bd7 Ke7 44. Bf5 h6 45. Be4 Bxe4 46. Kxe4 Ke6 47. h4 Kf6 48. h5 Ke6 49. g4 Kf6 50. Ke3 Ke6 51. Ke4 Nd2+ 52. Ke3 Nc4+ 53. Kd4 Na5 54. Nb4 Nb3+ 55. Ke3 Nxc5 56. Nxc6 Kf6 57. Nd4 b4 58. Nf5 b3 59. Kd2 Ne6 60. Kc3 b2 61. Kxb2 Ke5 62. Nxh6 Kf4 63. Nf7 Kxg4 64. h6 Nf8 65. Nxg5 Kxg5 66. h7 Nxh7 1/2-1/2


[Site "https://www.chess.com"]

[Event "Titled Tuesday Blitz December 13 Early 2022"]
[White "Csonka, Balazs"]
[Black "Deuer, Marius"]
[WhiteFideId "742910"]
[BlackFideId "16236432"]
[WhiteElo "2404"]
[BlackElo "2226"]
[Result "1-0"]
[Round "09"]
[TimeControl "180+1"]
[Date "2022.12.14"]
[WhiteClock "0:00:08"]
[BlackClock "0:00:03"]

1. e4 e5 2. Nf3 Nc6 3. Bb5 a6 4. Ba4 Nf6 5. O-O Be7 6. Re1 b5 7. Bb3 d6 8. c3 O-O 9. h3 Nb8 10. d4 Nbd7 11. Nbd2 Bb7 12. Bc2 Re8 13. Nf1 c5 14. d5 c4 15. b4 cxb3 16. axb3 Rc8 17. Bd2 g6 18. Ne3 Nc5 19. Qb1 Qc7 20. Rc1 Bf8 21. c4 bxc4 22. Nxc4 Qb8 23. Ba5 Bg7 24. b4 Ncd7 25. Ba4 Re7 26. Nfd2 Bh6 27. Rc2 Nh5 28. g3 f5 29. Ra3 Nhf6 30. exf5 gxf5 31. Rc1 Bxd5 32. Qxf5 Bxd2 33. Nxd2 Rxc1+ 34. Nf1 Bc4 35. Qg5+ Rg7 36. Qxc1 Qb7 37. Bb3 Bxb3 38. Rxb3 Ne4 39. h4 d5 40. Rd3 d4 41. Qe1 Ndf6 42. Rd1 Ng4 43. f3 Ne3 44. fxe4 Nxf1 45. Kxf1 Qd7 46. Kg2 Qg4 47. Rd3 Rc7 48. Qf2 Rc1 49. Rf3 Qxe4 50. g4 Rc3 51. Qg3 Rxf3 52. Qxf3 Qc2+ 53. Kg3 d3 54. Qd5+ Kf8 55. Qd6+ Kg8 56. Qe6+ Kf8 57. Qf6+ Kg8 58. Qg5+ Kf8 59. Qf5+ Kg8 60. Bd8 e4 61. Qg5+ Kf8 62. Qe7+ Kg8 63. Qe8+ Kg7 64. Qe7+ Kg8 65. Qe6+ Kf8 66. Be7+ Ke8 67. Bf6+ Kf8 68. Qe7+ Kg8 69. Qe8# 1-0


[Site "https://www.chess.com"]

[Event "Titled Tuesday Blitz December 13 Early 2022"]
[White "De Souza, Cristiano Gomes"]
[Black "Vifleemskaia, Svetlana"]
[WhiteFideId "2151758"]
[BlackFideId "4129490"]
[WhiteElo "2068"]
[BlackElo "1930"]
[Result "1-0"]
[Round "09"]
[TimeControl "180+1"]
[Date "2022.12.14"]
[WhiteClock "0:00:14"]
[BlackClock "0:00:13"]

1. d4 Nf6 2. c4 e6 3. Nf3 Bb4+ 4. Bd2 Qe7 5. a3 Bxd2+ 6. Qxd2 d6 7. Nc3 a5 8. e4 e5 9. d5 a4 10. Bd3 Nbd7 11. Bc2 Nc5 12. O-O O-O 13. Ne1 Nh5 14. f3 Nf4 15. g3 Nh5 16. Nd3 Nxd3 17. Qxd3 Qg5 18. Qe2 Bd7 19. Rae1 Ra5 20. Bd1 Bh3 21. f4 Bxf1 22. fxg5 Bxe2 23. Bxe2 g6 24. Bd1 Rfa8 25. Re3 f6 26. Nb5 fxg5 27. Bg4 Nf6 28. Be6+ Kg7 29. Nxc7 Rf8 30. Nb5 Rd8 31. Kg2 g4 32. h3 h5 33. hxg4 hxg4 34. Re1 Rh8 35. Nxd6 Rc5 36. Nf7 Rf8 37. Nxe5 Re8 38. Nxg4 Rxc4 39. Nxf6 Kxf6 40. e5+ Ke7 41. Bh3 Rc2+ 42. Kf3 Rf8+ 43. Kg4 Rff2 44. Kg5 Rce2 45. d6+ Ke8 46. Rc1 Rxe5+ 47. Kxg6 Kf8 48. Rc8+ Re8 49. d7 Re2 50. dxe8=Q+ Rxe8 51. Rxe8+ Kxe8 52. Bc8 b6 53. Ba6 Ke7 54. Bb5 Kd6 55. Bxa4 Kc5 56. b4+ Kd4 57. Bd7 Kc3 58. b5 Kb3 59. g4 Kxa3 60. Kf6 Kb4 61. Bc6 Kc5 62. g5 Kd6 63. g6 1-0


[Site "https://www.chess.com"]

[Event "Titled Tuesday Blitz December 13 Early 2022"]
[White "Demin, Vladimir"]
[Black "Xu, Yi"]
[WhiteFideId "4167457"]
[BlackFideId "8605564"]
[WhiteElo "2621"]
[BlackElo "2471"]
[Result "0-1"]
[Round "09"]
[TimeControl "180+1"]
[Date "2022.12.13"]
[WhiteClock "0:01:07"]
[BlackClock "0:01:12"]

1. e4 c5 2. Nf3 d6 3. d4 cxd4 4. Qxd4 Nc6 5. Bb5 Bd7 6. Bxc6 Bxc6 7. Nc3 Nf6 8. Bg5 e6 9. O-O-O Be7 10. Qd3 a6 11. Kb1 Rc8 12. Nd4 Qc7 13. f4 b5 14. a3 Bd7 15. h4 h6 16. Bxf6 Bxf6 17. Nde2 Be7 18. g4 Qc4 19. g5 Qxd3 20. cxd3 a5 21. Na2 f6 22. gxh6 Rxh6 23. Rhg1 Kf7 24. Rh1 Rch8 25. b4 axb4 26. Nxb4 Rxh4 27. Rxh4 Rxh4 28. Rd2 g5 29. fxg5 fxg5 30. Kc2 Bf6 31. Nc3 g4 32. Rg2 Kg6 33. Ne2 Kg5 34. Kd2 Rh3 35. Nc2 Kh4 36. Ne3 e5 37. Ke1 Rxe3 0-1


[Site "https://www.chess.com"]

[Event "Titled Tuesday Blitz December 13 Early 2022"]
[White "Derjabin, Ilja"]
[Black "Rustemov, Alexander"]
[WhiteFideId "14104768"]
[BlackFideId "4119002"]
[WhiteElo "2309"]
[BlackElo "2782"]
[Result "0-1"]
[Round "09"]
[TimeControl "180+1"]
[Date "2022.12.14"]
[WhiteClock "0:00:09"]
[BlackClock "0:00:36"]

1. d4 d5 2. c4 c6 3. Nc3 dxc4 4. Nf3 b5 5. a4 Qb6 6. e3 a6 7. Be2 Nf6 8. O-O e6 9. e4 Be7 10. Bg5 h6 11. Bh4 g5 12. Bg3 Bb7 13. a5 Qd8 14. e5 Nd5 15. Ne4 Nd7 16. Nd6+ Bxd6 17. exd6 c5 18. Ne5 cxd4 19. Bh5 O-O 20. Ng4 Kg7 21. Qxd4+ f6 22. h4 e5 23. Qd2 Nf4 24. Ne3 Be4 25. Rfe1 Nc5 26. hxg5 hxg5 27. Bg4 Nb3 28. Qc3 Nxa1 29. Bf5 Bxf5 30. Nxf5+ Kg6 31. Ne7+ Kf7 32. Bxf4 Qxd6 33. Nf5 Qd3 34. Qb4 Qxf5 35. Be3 Nc2 0-1


[Site "https://www.chess.com"]

[Event "Titled Tuesday Blitz December 13 Early 2022"]
[White "Dias, Joao Batista"]
[Black "Roque Sola, Jose Luis"]
[WhiteFideId "2108240"]
[BlackFideId "5120390"]
[WhiteElo "1898"]
[BlackElo "2117"]
[Result "1-0"]
[Round "09"]
[TimeControl "180+1"]
[Date "2022.12.14"]
[WhiteClock "0:00:53"]
[BlackClock "0:00:03"]

1. e4 e6 2. d4 d5 3. Nd2 c5 4. c3 cxd4 5. cxd4 dxe4 6. Nxe4 Nf6 7. Nxf6+ Qxf6 8. Be3 Bb4+ 9. Ke2 Bd7 10. f3 O-O 11. Kf2 Bc6 12. Bd3 Nd7 13. Nh3 h6 14. Rf1 Nb6 15. a3 Bd6 16. Kg1 Nd5 17. Bf2 Rfd8 18. Be4 Nf4 19. Nxf4 Bxf4 20. Bxc6 bxc6 21. Qc2 Rac8 22. Rad1 Rd5 23. b4 Rh5 24. g3 Bb8 25. f4 a5 26. Qe2 axb4 27. Qxh5 bxa3 28. Ra1 Bd6 29. Qa5 Qg6 30. Qa6 Rc7 31. Be3 Qe4 32. Qe2 1-0


[Site "https://www.chess.com"]

[Event "Titled Tuesday Blitz December 13 Early 2022"]
[White "Ezat, Mohamed"]
[Black "Ansh M Shah"]
[WhiteFideId "10600906"]
[BlackFideId "25033379"]
[WhiteElo "2388"]
[BlackElo "2084"]
[Result "1-0"]
[Round "09"]
[TimeControl "180+1"]
[Date "2022.12.14"]
[WhiteClock "0:02:22"]
[BlackClock "0:02:31"]

1. d4 Nf6 2. Nc3 e6 3. Bg5 d5 4. e4 dxe4 5. Nxe4 Be7 6. Bxf6 Bxf6 7. Nf3 Nd7 8. Bd3 c5 9. dxc5 Nxc5 10. Nxc5 Qa5+ 11. c3 Qxc5 12. O-O O-O 13. Qe2 b6 14. Qe4 g6 15. Qxa8 Ba6 16. Qe4 1-0


[Site "https://www.chess.com"]

[Event "Titled Tuesday Blitz December 13 Early 2022"]
[White "Farmani Anosheh, Armin"]
[Black "Aizpurua, Patrick Emilio"]
[WhiteFideId "24613240"]
[BlackFideId "6600522"]
[WhiteElo "2289"]
[BlackElo "2378"]
[Result "0-1"]
[Round "09"]
[TimeControl "180+1"]
[Date "2022.12.14"]
[WhiteClock "0:00:01"]
[BlackClock "0:00:07"]

1. d4 b6 2. e4 Bb7 3. Bd3 e6 4. Nf3 c5 5. c3 Qc7 6. O-O Nf6 7. Re1 d6 8. e5 dxe5 9. Nxe5 Be7 10. Na3 O-O 11. Bf4 Qd8 12. Nc2 Nc6 13. Ba6 Qc8 14. Bd3 cxd4 15. Nxd4 Nxd4 16. cxd4 Qd8 17. Be3 Qd5 18. Bf1 Rac8 19. a3 Rfd8 20. Rc1 h6 21. h3 Rxc1 22. Qxc1 Rc8 23. Qb1 Qe4 24. Qd1 Qc2 25. Nd3 Be4 26. f3 Bxd3 27. Qxd3 Qxb2 28. Qa6 Rc7 29. Bf4 Qxd4+ 30. Be3 Qc3 31. Re2 Bc5 32. Bxc5 Qxc5+ 33. Kh2 Qd6+ 34. Kg1 Nh5 35. Re3 Qd4 36. Qd3 Qxd3 37. Rxd3 g6 38. Kf2 Nf4 39. Rd8+ Kg7 40. g3 Nd5 41. a4 a5 42. Bb5 Kf6 43. f4 h5 44. h4 Rc2+ 45. Kf3 Rc3+ 46. Kf2 Ne3 47. Rb8 Nd5 48. Rb7 Rc2+ 49. Kf3 Rc3+ 50. Kf2 Kg7 51. Be8 Nc7 52. Bd7 Rc2+ 53. Kf3 Nd5 54. Be8 Rc3+ 55. Kf2 Nc7 56. Bd7 Kf6 57. Kg2 Ke7 58. Bb5 Kd6 59. Bf1 Kc6 60. Rb8 Rc2+ 61. Kg1 Nd5 62. Rc8+ Nc7 63. Bb5+ Kb7 64. Bd7 Rd2 65. Rd8 b5 66. axb5 Kb6 67. Rb8+ Kc5 68. Bc6 Nd5 69. Be8 Ne3 70. Rc8+ Kb6 71. Rc6+ Kb7 0-1


[Site "https://www.chess.com"]